Cogmind - Beta 14 @@@ ROGUE MODE // 2024.08.24 @ 23:36:21 Player: hvatnajokl Result: Destroyed by G-47 Trooper with Particle Gun Performance ------------- Evolutions (2) 1000 Regions Visited (4) 800 Robots Destroyed (23) 115 Value Destroyed (691) 691 Prototype IDs (2) 40 Alien Tech Used (0) 0 Bonus (0) 0 TOTAL SCORE: 2646 Bonus ------- None Cogmind --------- Core Integrity 0/550 Matter 300/300 Energy 100/100 System Corruption 0% Temperature Cool (18) Movement Core (3450) Ox68 Location -8/Materials Parts ------- > --- POWER (2) -------- (None) > --- PROPULSION (2) --- (None) > --- UTILITY (4) ------ Small Storage Unit Humpback Melee Analysis Suite > --- WEAPON (3) ------- (None) > --- INVENTORY (35) --- (None) Peak State ------------ > --- POWER ------------ Ion Engine > --- PROPULSION ------- Aluminum Leg Aluminum Leg > --- UTILITY ---------- Small Storage Unit Melee Analysis Suite Power Shielding > --- WEAPON ----------- Subdweller Machine Gun Battle Cannon Flail > --- INVENTORY -------- Light Ion Engine Humpback Scrap Shield [Rating: 14] Favorites ----------- Power Ion Engine Engine Ion Engine Propulsion Aluminum Leg Leg Aluminum Leg Utility Small Storage Unit Storage Small Storage Unit Processor Melee Analysis Suite Protection Power Shielding Weapon Small Laser Energy Gun Small Laser Ballistic Gun Light Assault Rifle Ballistic Cannon Battle Cannon Launcher Grenade Launcher Impact Weapon Flail Build | -11 -10 -10 -10 -8 ------- Run | Yrd Mat Min Sub Mat Slots Evolved 4 | . . . . 4 Power 1 | . . . . 1 Propulsion . | . . . . . Utility 2 | . . . . 2 Weapon 1 | . . . . 1 Parts Attached 31 | 6 8 6 5 6 Power 7 | 1 2 1 2 1 Engine 7 | 1 2 1 2 1 Core . | . . . . . Reactor . | . . . . . Propulsion 6 | 2 2 2 . . Treads . | . . . . . Leg 6 | 2 2 2 . . Wheel . | . . . . . Hover . | . . . . . Flight . | . . . . . Utility 5 | 1 . 1 . 3 Device . | . . . . . Storage 2 | 1 . . . 1 Processor 1 | . . . . 1 Hackware . | . . . . . Protection 2 | . . 1 . 1 Artifact . | . . . . . Weapon 13 | 2 4 2 3 2 Energy Gun 5 | 2 2 1 . . Energy Cannon . | . . . . . Ballistic Gun 4 | . 1 . 3 . Ballistic Cannon 1 | . . . . 1 Launcher 2 | . 1 1 . . Special Weapon . | . . . . . Impact Weapon 1 | . . . . 1 Slashing Weapon . | . . . . . Piercing Weapon . | . . . . . Special Melee Weapon . | . . . . . Unidentified Prototypes . | . . . . . Parts Lost 14 | . 1 1 5 7 Power 3 | . . . 1 2 Propulsion 2 | . . 1 . 1 Utility 2 | . . . . 2 Weapon 7 | . 1 . 4 2 Highest Loss Streak 7 | . 1 1 3 7 To Critical Strikes . | . . . . . Average Slot Usage (%) 82 | . 78 95 88 61 Engine 12 | . 13 14 14 6 Leg 23 | . 25 26 28 12 Storage 13 | . 14 14 14 11 Processor 1 | . . . . 7 Protection 8 | . . 11 14 6 Energy Gun 9 | . 16 14 4 . Ballistic Gun 6 | . 2 12 6 6 Ballistic Cannon 1 | . . . . 6 Launcher 3 | . 6 1 6 . Impact Weapon 1 | . . . . 6 Peak Build Rating 14 | 6 6 7 9 14 Average Rating 7 | 3 5 6 6 10 On Entrance 5 | . 6 5 7 7 Naked Turns . | . . . . . Heaviest Build 208 | 13 15 13 19 208 Greatest Support 20 | 20 20 20 20 20 Greatest Overweight (x) 69 | . 4 . . 69 Average Overweight (x) . | . . . . . Largest Inventory Capacity 35 | 8 8 8 8 35 Average Capacity 8 | 6 8 8 8 13 Most Carried 8 | 1 6 8 6 6 Average Carried 3 | . 2 4 5 3 Final Capacity 35 | 8 8 8 8 35 Final Carried 6 | 1 6 4 6 . Class Distribution -------------------- 73% | Mutant 21% | Scavenger-Mutant 5% | Hauler-Mutant Dominant Class ---------------- Mutant | -10/Materials Mutant | -10/Mines Mutant | -10/Subcaves Scavenger-Mutant | -8/Materials Resources | -11 -10 -10 -10 -8 ----------- Run | Yrd Mat Min Sub Mat Matter Collected 688 | 230 179 54 143 82 Remotely . | . . . . . Salvage Created 691 | . 346 136 107 102 Parts 34 | . 20 9 3 2 Haulers Intercepted 1 | . 1 . . . Recyclers Shooed 1 | . 1 . . . Parts Field Recycled . | . . . . . Retrieved Matter . | . . . . . Parts Self-Destructed 2 | . . . 2 . Prevented . | . . . . . Kills | -11 -10 -10 -10 -8 ------- Run | Yrd Mat Min Sub Mat Combat Hostiles Destroyed 20 | . 10 4 4 2 Melee 1 | . . . . 1 Guns 10 | . 6 4 . . Cannons 1 | . . . . 1 AOE 8 | . 4 . 4 . Classes Destroyed 6 | . 4 1 1 . Tunneler 1 | . . 1 . . Hauler 1 | . 1 . . . Recycler 1 | . 1 . . . Swarmer 5 | . 3 2 . . Grunt 11 | . 7 2 . 2 Subdweller 4 | . . . 4 . Best Kill Streak 10 | . 10 2 4 1 Combat Bots Only 8 | . 8 2 4 1 Max Kills in Single Turn 3 | . 3 1 3 1 Gunslinging . | . . . . . Exploded 3 | . 2 . 3 . Melee 1 | . . . . 1 Uniques/NPCs Destroyed . | . . . . . Combat | -11 -10 -10 -10 -8 -------- Run | Yrd Mat Min Sub Mat Hostile Shots Fired 231 | . 41 38 27 125 Missed 80 | . 21 10 16 33 Damage Taken 2523 | . 260 287 327 1649 Core 791 | . 67 67 90 567 Absorbed by Shields . | . . . . . Redirected to Shielding 39 | . . 2 22 15 Core Remaining (%) 55 | 100 . . 10 . Volleys Fired 63 | . 27 15 12 9 Largest 2 | . 2 2 2 2 Hottest 70 | . 70 70 70 69 Shots Fired 96 | . 35 30 16 15 Gun 71 | . 28 27 10 6 Cannon 9 | . . . . 9 Launcher 16 | . 7 3 6 . Special . | . . . . . Kinetic 40 | . 4 12 9 15 Thermal 16 | . . 15 1 . Explosive 16 | . 7 3 6 . Electromagnetic 24 | . 24 . . . Robot Hit Streak 8 | . 8 6 4 4 Robot Miss Streak 3 | . 2 3 1 3 Penetration Max . | . . . . . Secondary Targets 1 | . . 1 . . Max Gunslinging Chain 1 | . . 1 . . Shots Hit Robots 53 | . 24 13 8 8 Core Hits 44 | . 21 8 12 3 Critical Kills . | . . . . . Critical Parts Destroyed 1 | . . . . 1 Critical Strikes 2 | . . . . 2 Blast 1 | . . . . 1 Smash 1 | . . . . 1 Melee Attacks 1 | . . . . 1 Impact 1 | . . . . 1 Slashing . | . . . . . Piercing . | . . . . . Sneak Attacks . | . . . . . Combat Hostiles . | . . . . . Follow-up Attacks . | . . . . . Damage Inflicted 1785 | . 773 174 645 193 Guns 514 | . 230 138 103 43 Cannons 100 | . . . . 100 Explosions 1121 | . 543 36 542 . Melee 50 | . . . . 50 Ramming . | . . . . . Kinetic 333 | . 28 59 103 143 Thermal 323 | . 244 79 . . Explosive 877 | . 299 36 542 . Electromagnetic 202 | . 202 . . . Impact 50 | . . . . 50 Slashing . | . . . . . Piercing . | . . . . . Highest Corruption . | . . . . . Average Corruption . | . . . . . Corruption Purged . | . . . . . Corruption Blocked . | . . . . . Overload Shots . | . . . . . Overflow Damage 106 | . 56 . . 50 Projectiles . | . . . . . Explosions 56 | . 56 . . . Melee 50 | . . . . 50 Knockbacks 1 | . . . . 1 Impact . | . . . . . Kinetic 1 | . . . . 1 Secondary . | . . . . . Self-Inflicted Damage 62 | . 62 . . . Shots 2 | . 2 . . . Rammed . | . . . . . Targets Rammed . | . . . . . Kicked . | . . . . . Crushed . | . . . . . Highest Temperature 130 | . 102 130 . 65 Average Temperature 39 | . 31 55 . 24 Received Heat Transfer 915 | . 96 108 72 639 Siege Activations . | . . . . . Robots Corrupted . | . . . . . Combat Hostiles . | . . . . . Parts Fried 1 | . 1 . . . Impact Corruptions 1 | . . . . 1 Robots Melted . | . . . . . Combat Hostiles . | . . . . . Parts Melted . | . . . . . Heat Transferred 325 | . 150 175 . . Parts Sabotaged . | . . . . . Parts Stolen . | . . . . . Parts Stripped . | . . . . . Power Chain Reactions . | . . . . . Alert | -11 -10 -10 -10 -8 ------- Run | Yrd Mat Min Sub Mat Peak Influence 394 | . 394 255 . 88 Initial 153 | . . 153 . 37 Average 129 | . 114 221 . 52 Maximum Alert Level 1 | . 1 1 . . Low Security (%) 69 | 100 75 36 . 100 Level 1 30 | . 25 63 . . Level 2 . | . . . . . Level 3 . | . . . . . Level 4 . | . . . . . Level 5 . | . . . . . High Security . | . . . . . Max Security . | . . . . . Squads Dispatched 2 | . 1 . . 1 Investigation 2 | . 1 . . 1 Extermination . | . . . . . Reinforcement . | . . . . . Assault . | . . . . . Garrison . | . . . . . Intercept . | . . . . . Searches Triggered . | . . . . . Construction Impeded . | . . . . . Haulers Reinforced . | . . . . . Active Scanning Responses . | . . . . . Cargo Convoy Interrupts . | . . . . . Stealth | -11 -10 -10 -10 -8 --------- Run | Yrd Mat Min Sub Mat Distress Signals 1 | . . . . 1 Communications Jammed . | . . . . . Distress Signals . | . . . . . Times Spotted 38 | . 12 5 12 9 Peak Tracking Total 8 | . 3 3 8 8 Tactical Retreats 3 | . 2 . . 1 Traps | -11 -10 -10 -10 -8 ------- Run | Yrd Mat Min Sub Mat Traps Triggered 3 | . 3 . . . Indirectly . | . . . . . Trap Hack Attempts . | . . . . . Triggered . | . . . . . Disarmed . | . . . . . Reprogrammed . | . . . . . Reused . | . . . . . Traps Extracted . | . . . . . Installed . | . . . . . Triggered 3 | . . . 3 . Most Traps Carried 4 | . . 4 . . Machines | -11 -10 -10 -10 -8 ---------- Run | Yrd Mat Min Sub Mat Machines Disabled 4 | . 3 . . 1 Max in Single Turn 2 | . 2 . . 1 Machines Repaired . | . . . . . Machines Dismantled . | . . . . . Machines Sabotaged . | . . . . . Overloaded Fab Kills . | . . . . . Hacking | -11 -10 -10 -10 -8 --------- Run | Yrd Mat Min Sub Mat Machines Accessed 3 | . 2 . . 1 Terminals 3 | . 2 . . 1 Fabricators . | . . . . . Repair Stations . | . . . . . Recycling Units . | . . . . . Scanalyzers . | . . . . . Garrison Access . | . . . . . Total Hacks 15 | . 9 . . 6 Successful 7 | . 5 . . 2 Failed 8 | . 4 . . 4 Catastrophic 3 | . 2 . . 1 Database Lockouts . | . . . . . Manual . | . . . . . Terminals 15 | . 9 . . 6 Fabricators . | . . . . . Repair Stations . | . . . . . Recycling Units . | . . . . . Scanalyzers . | . . . . . Garrison Access . | . . . . . Terminal Hacks 7 | . 5 . . 2 Record 2 | . 2 . . . Prototype ID Bank 1 | . 1 . . . Alert Level 3 | . 2 . . 1 Dispatch Records 1 | . . . . 1 Fabricator Hacks . | . . . . . Repair Station Hacks . | . . . . . Recycling Unit Hacks . | . . . . . Scanalyzer . | . . . . . Garrison Access Hacks . | . . . . . Unauthorized Hacks . | . . . . . Terminals . | . . . . . Fabricators . | . . . . . Repair Stations . | . . . . . Recycling Units . | . . . . . Scanalyzers . | . . . . . Garrison Access . | . . . . . Data Cores Recovered . | . . . . . Used . | . . . . . Hacking Detections 3 | . 2 . . 1 Full Trace Events 3 | . 2 . . 1 Feedback Events . | . . . . . Feedback Blocked . | . . . . . Robot Schematics Acquired . | . . . . . Robots Built . | . . . . . Authchips . | . . . . . Time . | . . . . . Total Robot Build Rating . | . . . . . Part Schematics Acquired . | . . . . . Parts Built . | . . . . . Authchips . | . . . . . Time . | . . . . . Total Part Build Rating . | . . . . . Parts Repaired . | . . . . . Time . | . . . . . Parts Recycled . | . . . . . Recycled Matter . | . . . . . Retrieved Matter . | . . . . . Retrieved Components . | . . . . . Parts Scanalyzed . | . . . . . Part Schematics Acquired . | . . . . . Parts Damaged . | . . . . . Bothacking | -11 -10 -10 -10 -8 ------------ Run | Yrd Mat Min Sub Mat Used RIF Installer . | . . . . . Robots Hacked . | . . . . . Non-combat . | . . . . . Combat . | . . . . . Robot Hacks Applied . | . . . . . Relay Couplers Released . | . . . . . Fabnet Peak Effective % . | . . . . . Robots Rewired . | . . . . . Allies Hacked . | . . . . . Hacks Repelled . | . . . . . Allies | -11 -10 -10 -10 -8 -------- Run | Yrd Mat Min Sub Mat Total Allies . | . . . . . Largest Group . | . . . . . Highest-Rated Group . | . . . . . Highest-Rated Ally . | . . . . . Total Orders . | . . . . . Ally Attacks . | . . . . . Total Damage . | . . . . . Kills . | . . . . . Allies Corrupted . | . . . . . Allies Melted . | . . . . . Intel | -11 -10 -10 -10 -8 ------- Run | Yrd Mat Min Sub Mat Robot Analysis Total . | . . . . . Derelict Logs Recovered 2 | . . 1 1 . Drone Launches . | . . . . . Drone Recoveries . | . . . . . Exploration | -11 -10 -10 -10 -8 ------------- Run | Yrd Mat Min Sub Mat Turns Passed 969 | 48 244 249 256 172 Spaces Moved 596 | 33 135 160 183 85 Core 8 | 1 5 . . 2 Treads . | . . . . . Legs 588 | 32 130 160 183 83 Wheels . | . . . . . Hover . | . . . . . Flight . | . . . . . Fastest Speed 50 | 50 100 120 120 120 Average Speed 127 | 117 123 120 120 165 Slowest Speed 3500 | 120 250 120 120 3500 Overloaded Moves . | . . . . . Propulsion Burnouts . | . . . . . Robots Hopped . | . . . . . Cave-ins Triggered . | . . . . . Exploration Rate (%) 19 | 4 24 41 14 13 Regions Visited 4 Branch Regions 2 Pre-discovered Areas 1 | . . . 1 . Known Exits Taken . | . . . . . Unknown Exits Taken 4 | 1 1 1 1 . Scrap Searched 1 | . . 1 . . Spaces Dug . | . . . . . Terrain Destroyed 128 | . 84 20 23 1 Melee . | . . . . . Projectile 1 | . . . . 1 AOE 127 | . 84 20 23 . Terrain Rammed . | . . . . . Walls Destroyed . | . . . . . Machines Disabled . | . . . . . Actions | -11 -10 -10 -10 -8 --------- Run | Yrd Mat Min Sub Mat Total 710 | 39 176 191 203 101 Wait . | . . . . . Move 592 | 32 134 159 182 85 Hop . | . . . . . Pick Up 14 | 1 5 5 3 . Fast Attach 17 | 6 6 1 2 2 Attach 12 | . 2 4 2 4 Detach 3 | . 2 1 . . Swap 2 | . . 1 1 . Drop 6 | . . 5 1 . Fire 63 | . 27 15 12 9 Melee 1 | . . . . 1 Ram . | . . . . . Kick . | . . . . . Crush . | . . . . . Escape Stasis . | . . . . . Rewire . | . . . . . Trap . | . . . . . Miscellaneous . | . . . . . Route ------- -11/Scrapyard -10/Materials -10/Mines -10/Subcaves -8/Materials (discovered 1 exit: Fac) History --------- Turn | Location | Event 10 | -11/Scrapyard | Discovered new exit (range 15) 49 | -11/Scrapyard | Entered Materials 162 | -10/Materials | Discovered new exit (range 12) 285 | -10/Materials | Destroyed 8 combat bots 293 | -10/Materials | Entered Mines 314 | -10/Mines | Build established: Mutant 339 | -10/Mines | Learned 4 Materials zone layouts 357 | -10/Mines | Found a hidden stash of uninstalled traps 390 | -10/Mines | Core integrity fell below 50% 528 | -10/Mines | Discovered new exit (range 10) 542 | -10/Mines | Entered Subcaves 553 | -10/Subcaves | Learned location of Zion (-6) 659 | -10/Subcaves | Ambushed by swarm of Subdwellers 660 | -10/Subcaves | Ambushed by Subdwellers from Twisted Machinery 662 | -10/Subcaves | Ambushed by Subdwellers from Twisted Machinery 677 | -10/Subcaves | Core integrity fell below 20% 703 | -10/Subcaves | Lost 3 parts (1p2w) 720 | -10/Subcaves | Shifting Twisted Machinery released Battle Cannon 739 | -10/Subcaves | Shifting Twisted Machinery released Flamer 754 | -10/Subcaves | Discovered new exit (range 7) 791 | -10/Subcaves | Disturbed a concealed Subdweller 798 | -10/Subcaves | Entered Materials 798 | -8/Materials | Evolved 4 slots: Power x1, Utility x2, Weapon x1 799 | -8/Materials | Identified exit to Factory 939 | -8/Materials | Core integrity fell below 50% 962 | -8/Materials | Core integrity fell below 20% 970 | -8/Materials | Destroyed by G-47 Trooper with Particle Gun Last Messages --------------- Lgt. Ion Engine destroyed. G-47 Trooper overheating. G-47 Trooper heat spikes uncontrollably. G-47 Trooper overheating. G-47 Trooper heat short circuits Lgt. Nuclear Core. G-47 Trooper overheating. L-31 Rogue destroyed. Acquired 12 matter. G-47 Trooper heat spikes uncontrollably. G-47 Trooper heat damages core (-7). G-47 Trooper overheating. G-47 Trooper heat damages Particle Gun. G-47 Trooper overheating. Critical hit (Burn: +37). G-47 Trooper overheating. G-47 Trooper heat spikes uncontrollably. G-47 Trooper overheating. Critical hit (Burn: +37). G-47 Trooper overheating. Map ----- +----------------------------------------------------+ | ??# #????????????#?????# | | ??# #????????????####??# | | ??# """ #???????????? #??# | | ??# """ #???????????? #??# | | ??# """ #???????????? #??# | | ??# +???????????? #??# | | ??# #? ????????? #??# """T | | ??# """ #? ??????????" #??###### | | ??# """ # ???????????" #???????? | | ??# """ # ???????????" #???????? | | ??# "/???????????????????????? | | ??# "%#???????????????????????? | | ??# """ "##+#####????????????????? | | ??# """ ????????????????? | | ??# """ ????????????????? | | ??# ###+#???????????????????? | | ??# #???????????????????????? | | ??# #???????????????????????? | | ??# #???????????????????????? | | ??# #???????????????????????? | | ??# ##+#######???????????????????? | | ??# # #???????????????????? | | ??# #""""" #???????????????????? | | ??# #"""%" #???????????????????? | | ??# #"""%%% ##??????????????????? | | ??# #""%%@=Y ;#??????????????????? | | ??######"""%[/g # ! ?????????????? | | ???????#""%"=%g #???????????????????? | | ???????#"""% !/ #???????????????????? | | ???????# #???????????????????? | | ???????##########???????????????????? | | ????????????????????????????????????? | | ????????????????????????????????????? | | ????????????????????????????????????? | | ????????????????????????????????????? | | | | | | | | | | | | | | | | | | | | | | | | | | | | | | | +----------------------------------------------------+ Best States ------------- Heat Dissipation 31 Energy Generation 10 Energy Capacity 250 Matter Stores 300 Matter Capacity 300 Sight Range 16 Terrain Scan Density 10 Armor Coverage 800 Power Shielding 33 Evasion (%) 55 Melee Accuracy 5 Item Schematics ----------------- None Robot Schematics ------------------ None Fabricated ------------ Nothing Alien Tech Used ----------------- None Achievements -------------- Tank Challenges ------------ None Game ------ Seed MeleeIntegrityMicrothruster Manual? 0 Play Time 00:21:29 Cumulative 6.5 hours Start 2024.08.24 @ 23:10:06 End 2024.08.24 @ 23:36:21 Sessions 1 Manual Loads 0 Difficulty Rogue Special Mode None Game No. 13 Rogue 9 Adventurer 4 Explorer 0 Win Type - Total 0 Types 0/0/0/0/0/0/0/0/0 Lore% 3 Gallery% 11 Achievement% 11 Wizard Run 0 Options --------- Layout 1 ASCII 1 Keyboard 0 Movement Mouse Keybinds 0 Fullscreen 1 Font 24/Smallcaps Map View 50x35 Zoom Use 0% Tactical HUD 0 Map Filters NONE Filters NONE Steam 1 RUN: cc9bbd52-ecc3-41b2-8f28-8b670ce9f33b